 Dungeon Crawl Stone Soup version 0.21-a0-67-g3f13d09 (webtiles) character file.

407 Purerock100 the Ducker (level 6, -9/28 HPs)
             Began as a Spriggan Venom Mage on June 18, 2017.
             Was a Follower of Nemelex Xobeh.
             Mangled by a wyvern (16 damage)
             ... summoned by the player character
             ... on level 5 of the Dungeon.
             The game lasted 00:17:01 (2896 turns).

Purerock100 the Ducker (Spriggan Venom Mage)        Turns: 2896, Time: 00:17:03

Health: -9/28      AC:  2    Str:  4    XL:     6   Next: 57%
Magic:  11/14      EV: 26    Int: 18    God:    Nemelex Xobeh [*.....]
Gold:   51         SH:  0    Dex: 17    Spells: 11/14 levels left

rFire    . . .     SeeInvis +     - Unarmed
rCold    . . .     Gourm    .   (shield restricted)
rNeg     . . .     Faith    .   a - +0 robe
rPois    .         Spirit   .   (helmet restricted)
rElec    .         Reflect  .   (no cloak)
rCorr    .         Harm     .   (gloves unavailable)
MR       +....                  (boots unavailable)
Stlth    +++.......             (no amulet)
HPRegen  0.09/turn              f - +6 ring of evasion
MPRegen  0.14/turn              (no ring)

@: berserk cooldown, very quick
A: unfitting armour, see invisible, herbivore 3, speed 3, slow metabolism 2
a: Renounce Religion


You were on level 5 of the Dungeon.
You worshipped Nemelex Xobeh.
Nemelex Xobeh was aware of your devotion.
You were very full.

You visited 1 branch of the dungeon, and saw 5 of its levels.

You collected 51 gold pieces.

Inventory:

Hand Weapons
 c - a +0 hand axe
 d - a +0 whip
Missiles
 g - 20 poisoned needles
Armour
 a - a +0 robe (worn)
 e - a +0 scale mail
Jewellery
 f - a +6 ring of evasion (left hand)
Scrolls
 h - 2 scrolls of remove curse
 i - a scroll of teleportation
 l - a scroll of magic mapping {unknown}
Books
 b - a Young Poisoner's Handbook

   Spells                             Type                      Level
   a - Sting                          Conjuration/Poison           1
   b - Poisonous Vapours              Poison/Air                   2
   c - Mephitic Cloud                 Conjuration/Poison/Air       3
   d - Olgreb's Toxic Radiance        Poison                       4
   e - Venom Bolt                     Conjuration/Poison           5
Miscellaneous
 m - a plain deck of destruction {drawn: 3}
 n - a plain deck of summoning {drawn: 2}


   Skills:
 + Level 0.2 Fighting
 + Level 5.1 Dodging
 + Level 3.8 Stealth
 + Level 1.9 Unarmed Combat
 + Level 4.7 Spellcasting
 + Level 1.5 Conjurations
 + Level 0.1 Air Magic
 + Level 4.4 Poison Magic
 + Level 0.4 Invocations


You had 11 spell levels left.
You knew the following spells:

 Your Spells              Type           Power        Failure   Level  Hunger
a - Sting                 Conj/Pois      ##..         4%          1    None
b - Poisonous Vapours     Pois/Air       ##....       9%          2    #......


Dungeon Overview and Level Annotations

Branches:
Dungeon (5/15)
 Temple: D:4-7

Altars:
Nemelex Xobeh
Trog


Innate Abilities, Weirdness & Mutations

You are very small and have problems with some larger weapons.
You are too small for most types of armour.
You have supernaturally acute eyesight. (SInv)
You are a herbivore.
You cover ground extremely quickly.
You need consume almost no food.


Message History

Casting: Sting
Confirm with . or Enter, or press ? or * to list all spells.
Aiming: Poisonous Vapours
Press: ? - help, Dir - move target cursor, f/p - shadow imp
Aim: a shadow imp But poisonous clouds would do no harm to the shadow imp!
Casting: Poisonous Vapours
Confirm with . or Enter, or press ? or * to list all spells.
Aiming: Sting
Press: ? - help, Shift-Dir - straight line, f - orc, p - shadow imp
Aim: an orc, wielding a club The sting misses the orc.
The sting hits the orc.
The orc is heavily wounded.
Your wyvern completely misses the orc.
The orc completely misses you. The shadow imp completely misses you.
The worker ant misses you.
The orc hits your wyvern but does no damage.
The wyvern bites you!
Ouch! That really hurt!
You die...
Your body disappears without a glow.

#.# #.# #.# #.#
#.# ####.#######
#...........
####.##5#########
.....oo@a.......#
...#..#ll.......#
#>.o))...........+
#o...........#####
.>.............#
.....#.........#
.....#....%....#
#.#..#.........#
#... .....######


You could see a wyvern, a worker ant, a shadow imp, 3 orcs and a friendly
wyvern.

Vanquished Creatures
  An iguana (D:5)
  A worker ant (D:4)
  2 gnolls (D:4)
  3 adders
  2 worms (D:2)
  A dart slug (D:2)
  A leopard gecko (D:2)
  An orc (D:4)
  5 bats
  3 goblins
  2 hobgoblins
  6 kobolds
  A quokka (D:2)
  2 ball pythons
  3 frilled lizards (D:1)
  3 rats (D:2)
37 creatures vanquished.

Vanquished Creatures (collateral kills)
  Pikel (D:4)
  The ghost of knot the Ducker, a weakling DsGl (D:4)
  An orc priest (D:4)
  An orc wizard (D:4)
  3 orcs
7 creatures vanquished.

Vanquished Creatures (others)
  An adder (D:4)
  An orc (D:4)
2 creatures vanquished.

Grand Total: 46 creatures vanquished

Notes
Turn   | Place    | Note
-------+----------+-------------------------------------------
     0 | D:1      | Purerock100 the Spriggan Venom Mage began the quest for the Orb.
     0 | D:1      | Reached XP level 1. HP: 9/9 MP: 5/5
   143 | D:1      | Reached XP level 2. HP: 13/13 MP: 2/6
   147 | D:1      | Learned a level 2 spell: Poisonous Vapours
   556 | D:2      | Reached XP level 3. HP: 12/16 MP: 1/8
   846 | D:2      | Found a faded altar of an unknown god.
   854 | D:2      | Became a worshipper of Nemelex Xobeh the Trickster
   854 | D:2      | Received a gift from Nemelex Xobeh
   854 | D:2      | Reached * piety under Nemelex Xobeh
  2079 | D:4      | Received a gift from Nemelex Xobeh
  2094 | D:4      | Noticed knot's ghost (weakling DsGl)
  2151 | D:4      | Reached XP level 4. HP: 12/21 MP: 4/10
  2160 | D:4      | Killed knot's ghost
  2160 | D:4      | Reached skill level 1 in Unarmed Combat
  2506 | D:4      | Noticed Pikel
  2517 | D:4      | Noticed a slave
  2523 | D:4      | Noticed a slave
  2529 | D:4      | Killed Pikel
  2529 | D:4      | Reached skill level 5 in Dodging
  2529 | D:4      | Reached skill level 1 in Conjurations
  2529 | D:4      | Reached XP level 5. HP: 20/24 MP: 9/12
  2529 | D:4      | Reached XP level 6. HP: 23/28 MP: 9/13
  2667 | D:4      | Found a bloodstained altar of Trog.
  2667 | D:4      | Noticed a freed slave
  2667 | D:4      | Noticed a freed slave
  2710 | D:5      | Entered Level 5 of the Dungeon
  2888 | D:5      | Noticed a wyvern
  2896 | D:5      | Mangled by a wyvern

Vault maps used:
D:1:      lightli_iron_boxes, kennysheep_flooded_box
D:2:      eat_drink_and_be_merry_uskayaw, chequers_ecumenical_altar_simple,
          kennysheep_generic_room_15
D:3:      marbit_many_paths, makhleb_grotto_becter
D:4:      cheibrodos_pilgrimage, bloody_trog, lemuel_round_altar, uniq_grinder,
          uniq_pikel
D:5:      minmay_temple_entry_junction, first_bread, minmay_splitting_lines,
          minmay_liquid_box, fedhas_altar_4

Skill      XL: |  1  2  3  4 |
---------------+-------------+-----
Spellcasting   | 3 4 |  4.7
Unarmed Combat | 1 |  1.9
Poison Magic   | 4 |  4.4
Dodging        | 5 |  5.1
Conjurations   | 1 |  1.5
Fighting       | |  0.2
Stealth        | |  3.8
Air Magic      | |  0.1
Invocations    | |  0.4

Action                   |  1- 3 |  4- 6 || total
-------------------------+-------+-------++-------
Melee: Unarmed           |    77 |    27 ||   104
 Cast: Sting             |    50 |    22 ||    72
       Poisonous Vapours |     6 |       ||     6
Evoke: Deck              |       |     5 ||     5
  Use: Potion            |     2 |     1 ||     3
       Scroll            |       |     3 ||     3
  Eat: Bread ration      |     1 |       ||     1
       Fruit             |     1 |       ||     1
Armor: Robe              |    20 |     1 ||    21
Dodge: Dodged            |   130 |    62 ||   192
